 Dungeon Crawl Stone Soup version 0.27-a0-1202-ge72e49191c (webtiles) character file.

Game seed: 1144497832723576021

103 Kinoniko the Slasher (level 4, -7/38 HPs)
             Began as a Ghoul Monk on June 3, 2021.
             Mangled by a gnoll sergeant
             ... wielding a +2 trident of holy wrath
              (9 damage)
             ... on level 3 of the Dungeon.
             The game lasted 00:02:55 (2296 turns).

Kinoniko the Slasher (Ghoul Monk)                   Turns: 2296, Time: 00:02:55

Health: -7/38      AC:  6    Str: 14    XL:     4   Next: 79%
Magic:  3/3        EV: 11    Int:  6    God:
Gold:   111        SH:  0    Dex: 11    Spells: 3/3 levels left

rFire    . . .     SeeInvis .   a - +1 falchion
rCold    + . .     Faith    .   (no shield)
rNeg     + + +     Spirit   .   k - +0 ring mail
rPois    ∞         Reflect  .   (no helmet)
rElec    .         Harm     .   (no cloak)
rCorr    .         Rampage  .   q - +0 pair of gloves
Will     .....                  (no boots)
Stlth    +.........             (no amulet)
HPRegen  0.00/turn              (no ring)
MPRegen  0.08/turn              (no ring)

@: no status effects
A: claws 1, cold resistance 1, negative energy resistance 3, inhibited
regeneration, torment resistance 2
a: no special abilities


You were on level 3 of the Dungeon.
You visited 1 branch of the dungeon, and saw 3 of its levels.

You collected 111 gold pieces.

Inventory:

Hand Weapons
 a - a +1 falchion (weapon)
Missiles
 r - 5 atropa-tipped darts (quivered)
Armour
 k - a +0 ring mail (worn)
 q - a +0 pair of gloves (worn)
Scrolls
 d - a scroll of enchant armour {unknown}
 f - a scroll of enchant weapon
 m - a scroll of magic mapping {unknown}
Potions
 c - a potion of degeneration
 e - 3 potions of attraction
 h - a potion of mutation
 n - a potion of brilliance
 p - a potion of curing


   Skills:
 - Level 3.2 Fighting
 * Level 4.9 Long Blades
 - Level 2.6 Dodging
 - Level 2.1 Stealth


You had 3 spell levels left.
You didn't know any spells.
Your spell library was empty.

Dungeon Overview and Level Annotations

Branches:
Dungeon (3/15)

Altars:
Nemelex Xobeh


Innate Abilities, Weirdness & Mutations

You thrive by killing the living.
You are immune to poison.
You have sharp fingernails.
Your flesh is cold resistant. (rC+)
You are immune to negative energy. (rN+++)
You do not regenerate when monsters are visible.
You are immune to unholy pain and torment.


Message History

You convulse.
You closely miss the gnoll sergeant.
The gnoll sergeant hits you with a +2 trident of holy wrath!
You convulse.
You are too injured to fight recklessly!
You are too injured to fight recklessly!
You are too injured to fight recklessly!
You are too injured to fight recklessly!
You are too injured to fight recklessly!
You are too injured to fight recklessly!
You are too injured to fight recklessly!
You are too injured to fight recklessly!
You are too injured to fight recklessly!
You are too injured to fight recklessly!
You are too injured to fight recklessly!
You are too injured to fight recklessly!
You are too injured to fight recklessly!
You are too injured to fight recklessly!
You are too injured to fight recklessly!
Unknown command.
You feel much better.
The gnoll sergeant hits you with a +2 trident of holy wrath!
You convulse!
You feel better. The gnoll sergeant misses you.
You riposte.
You hit the gnoll sergeant but do no damage.
As you read the scroll labelled RONWUCUPHO, it crumbles to dust.
It is a scroll of enchant weapon.
Your +0 falchion glows red for a moment.
The gnoll sergeant hits you with a +2 trident of holy wrath.
You convulse.
You hit the gnoll sergeant.
The gnoll sergeant is lightly wounded.
The gnoll sergeant hits you with a +2 trident of holy wrath!
* * * LOW HITPOINT WARNING * * *
You convulse.
* * * LOW HITPOINT WARNING * * *
You hit the gnoll sergeant but do no damage.
The gnoll sergeant is lightly wounded.
The gnoll sergeant hits you with a +2 trident of holy wrath!
You die...

#......##...
####..#.⌠.⌠#.#
........_....
.###...#.⌠.⌠#
...........##..#
#....gw......#
#..###.#####. #..#
#g#####.#### #..#
#gg@........ #..#
#.#####.#### ###..#
#.#
####....###.#####
................#.#
###.##...........#
#####.###.### #.# #
#.# #.#


You could see a gnoll sergeant, a gnoll and a goblin.

Vanquished Creatures
  A gnoll (D:3)
  2 adders (D:3)
  A worm (D:2)
  3 dart slugs
  2 ball pythons
  7 endoplasms
  3 giant cockroaches
  4 goblins
  4 hobgoblins
  10 jackals
  6 kobolds
  4 quokkas
  5 bats
  4 frilled lizards
  4 rats
60 creatures vanquished.

Notes
Turn   | Place    | Note
-------+----------+-------------------------------------------
     0 | D:1      | Kinoniko the Ghoul Monk began the quest for the Orb.
     0 | D:1      | Reached XP level 1. HP: 19/19 MP: 0/0
    76 | D:1      | Reached skill level 3 in Long Blades
    79 | D:1      | Reached XP level 2. HP: 23/26 MP: 1/1
   611 | D:1      | Reached XP level 3. HP: 31/31 MP: 2/2
   693 | D:1      | Found a faded altar of an unknown god.
  1145 | D:2      | Reached skill level 4 in Long Blades
  1679 | D:2      | Reached XP level 4. HP: 36/38 MP: 3/3
  2114 | D:3      | Noticed a gnoll sergeant
  2277 | D:3      | Found a sparkling altar of Nemelex Xobeh.
  2296 | D:3      | Mangled by a gnoll sergeant

Illustrated notes

Levels and vault maps discovered:
D:1:      dpeg_arrival_radiant, layout_basic,
          shapermc_ecumenical_altar_notcrosses, supply_closet_lemuel,
          minmay_misc_feat_pillars, hangedman_decor_growths
D:2:      layout_loops_ring, small_statue_intersection
D:3:      layout_loops_ring, nemelex_xobeh_ov_fountains_minmay,
          grunt_ministairs_9, kennysheep_generic_room_12

Skill      XL: |  1  2  3 |
---------------+----------+-----
Long Blades    | 3 4 |  4.9
Fighting       | |  3.2
Dodging        | |  2.6
Stealth        | |  2.1

Action                   |  1- 3 |  4- 6 || total
-------------------------+-------+-------++-------
Melee: Falchion          |   153 |    61 ||   214
  Use: Scroll            |       |     7 ||     7
       Potion            |       |     6 ||     6
 Stab: Sleeping          |     2 |       ||     2
Armor: Leather armour    |    19 |       ||    19
       Ring mail         |    26 |    20 ||    46
Dodge: Dodged            |   121 |    41 ||   162
       Rpst.: Falchion   |    33 |    18 ||    51

Table legend: (Time is in decaauts)
 A = Elapsed time spent in this place.
 B = Non-inter-level travel time spent in this place.
 C = Inter-level travel time spent in this place.
 D = Time resting spent in this place.
 E = Time spent auto-exploring this place.
 F = Levels seen in this place.
 G = Mean time per level.
                   A        B        C        D        E       F      G
               +--------+--------+--------+--------+--------+-----+--------+
         Total |   2297 |   2207 |     90 |      0 |   1698 |   3 |  765.7 |
       Dungeon |   2297 |   2207 |     90 |      0 |   1698 |   3 |  765.7 |
               +--------+--------+--------+--------+--------+-----+--------+

Top non-repeatable levels by time:
     D:1: 1009 daAuts
     D:2: 923 daAuts
     D:3: 364 daAuts
